 Dungeon Crawl Stone Soup version 0.21.1-1-g345015f (webtiles) character file.

162 suicidejoker the Insei (level 5, -1/34 HPs)
             Began as an Octopode Transmuter on Apr 7, 2018.
             Killed from afar by an orc wizard (6 damage)
             ... with a magic dart
             ... on level 3 of the Dungeon.
             The game lasted 00:11:54 (3391 turns).

suicidejoker the Insei (Octopode Transmuter)        Turns: 3391, Time: 00:11:54

Health: -1/34      AC:  1    Str:  8 (10) XL:     5   Next: 43%
Magic:  8/8        EV: 19    Int: 20 (21) God:
Gold:   163        SH:  0    Dex: 15 (17) Spells: 8/9 levels left

rFire    . . .     SeeInvis .     - Unarmed
rCold    . . .     Gourm    .   (no shield)
rNeg     . . .     Faith    .   (helmet restricted)
rPois    .         Spirit   .   (no amulet)
rElec    .         Reflect  .   (no ring)
rCorr    .         Harm     .   (no ring)
MR       .....                  (no ring)
Stlth    +++.......             (no ring)
HPRegen  0.11/turn              (no ring)
MPRegen  0.11/turn              (no ring)
                                (no ring)
                                (no ring)

@: confused, brilliant, agile, appendage
A: almost no armour, stealthy swim, amphibious, 8 rings, constrict 8, tentacle
spike 3, camouflage 1, gelatinous body 1
a: End Transformation


You were on level 3 of the Dungeon.
You were hungry.
One of your tentacles had a temporary spike.
You visited 1 branch of the dungeon, and saw 3 of its levels.

You collected 163 gold pieces.

Inventory:

Hand Weapons
 b - a +0 hunting sling
Missiles
 a - 59 arrows
 e - 28 sling bullets
 h - 72 stones (quivered)
Scrolls
 d - 4 scrolls of remove curse {unknown}
 f - a scroll of amnesia {unknown}
 g - 3 scrolls of identify {unknown}
Books
 i - a book of Changes

   Spells                             Type                      Level
   a - Beastly Appendage              Transmutation                1
   b - Sticks to Snakes               Transmutation                2
   c - Spider Form                    Transmutation/Poison         3
   d - Ice Form                       Ice/Transmutation            4
   e - Blade Hands                    Transmutation                5
Comestibles
 c - 5 rations


   Skills:
 + Level 1.8 Fighting
 + Level 2.5 Dodging
 * Level 3.3 Stealth
 * Level 3.9 Unarmed Combat
 + Level 2.6 Spellcasting
 + Level 2.6 Transmutations


You had 8 spell levels left.
You knew the following spells:

 Your Spells              Type           Power        Failure   Level  Hunger
a - Beastly Appendage     Tmut           ####..       1%          1    None


Dungeon Overview and Level Annotations

Branches:
Dungeon (3/15)

Altars:


Innate Abilities, Weirdness & Mutations

You cannot wear most types of armour.
You are very stealthy in the water. (Stealth+)
You are amphibious.
You can wear up to eight rings at the same time.
You can use your tentacles to constrict eight enemies at once.
Your skin changes colour to match your surroundings (Stealth+).
Your rubbery body absorbs attacks. (AC +1, EV +1)
One of your tentacles bears a large vicious spike.


Message History

You hear some strange, mumbled words.
You are confused.
You bump into the rock wall.
Something closely misses you.
You bump into the rock wall.
Something hits you but does no damage.
You bump into the rock wall.
Something barely misses you.
You bump into the rock wall.
You hear some strange, mumbled words.
A puff of flame appears from out of thin air!
The puff of flame hits you!
* * * LOW HITPOINT WARNING * * *
You aren't carrying any potions.
You aren't carrying any items that you can evoke.
You're too confused!
Unknown command.
You're too confused!
You barely miss something.
You pierce something.
Your squeeze misses something.
You hear some strange, mumbled words.
A magic dart appears from out of thin air!
The magic dart hits you!
You die...

#.(...####
o##........#
o.(o....#..#
#..o#...#####
#.........
##.o.####
##o## #{# #@#
##'## ##...##
##.....##
##.......##
#.........#
+....†....+
#.........#
##.......##


You could see 2 orcs.

Vanquished Creatures
  An orc wizard (D:3)
  6 adders
  An ooze (D:3)
  3 worms
  3 dart slugs
  A leopard gecko (D:1)
  An orc (D:3)
  4 ball pythons
  4 giant cockroaches
  6 goblins (D:1)
  5 hobgoblins
  7 kobolds
  9 bats
  5 frilled lizards
  8 rats
64 creatures vanquished.

Notes
Turn   | Place    | Note
-------+----------+-------------------------------------------
     0 | D:1      | suicidejoker the Octopode Transmuter began the quest for the Orb.
     0 | D:1      | Reached XP level 1. HP: 13/13 MP: 3/3
   276 | D:1      | Reached skill level 1 in Stealth
   276 | D:1      | Reached XP level 2. HP: 11/18 MP: 5/5
  1008 | D:1      | Reached XP level 3. HP: 15/23 MP: 6/6
  1882 | D:2      | Reached XP level 4. HP: 22/28 MP: 7/7
  3167 | D:3      | Reached XP level 5. HP: 21/34 MP: 8/8
  3391 | D:3      | Killed from afar by an orc wizard

Skill      XL: |  1  2  3  4 |
---------------+-------------+-----
Stealth        | 1 2 3 |  3.3
Fighting       | |  1.8
Dodging        | |  2.5
Unarmed Combat | |  3.9
Spellcasting   | |  2.6
Transmutations | |  2.6

Action                   |  1- 3 |  4- 6 || total
-------------------------+-------+-------++-------
Melee: Unarmed           |    84 |    50 ||   134
       Constrict         |    24 |     8 ||    32
       Tentacles         |     9 |    14 ||    23
       Kick              |       |     6 ||     6
 Fire: Hunting sling     |     4 |    49 ||    53
Throw: Stone             |    25 |       ||    25
 Cast: Beastly Appendage |       |     1 ||     1
  Use: Potion            |       |     3 ||     3
 Stab: Sleeping          |    10 |     2 ||    12
  Eat: Chunk             |     2 |     5 ||     7
Armor: Skin              |     8 |     2 ||    10
Dodge: Dodged            |    41 |    25 ||    66
